 Dungeon Crawl Stone Soup version 0.29.0-5-ge4962eb29e (webtiles) character file.

Game seed: 2998146616540164736

23 iguanaiguana the Stinger (level 2, -4/20 HPs)
             Began as a Demigod Venom Mage on Aug 30, 2022.
             Slain by a quokka (5 damage)
             ... on level 1 of the Dungeon.
             The game lasted 00:02:15 (269 turns).

iguanaiguana the Stinger (Demigod Venom Mage)        Turns: 269, Time: 00:02:16

Health: -4/20      AC:  2    Str:  9    XL:     2   Next: 54%
Magic:  1/7        EV: 12    Int: 17    God:
Gold:   18         SH:  0    Dex: 14    Spells: 3/4 levels left

rFire   . . .      SeeInvis .   e - +0 club
rCold   . . .      Faith    .   (no shield)
rNeg    . . .      Spirit   .   a - +0 robe
rPois   .          Reflect  .   (no helmet)
rElec   .          Harm     .   (no cloak)
rCorr   .          Rampage  .   (no gloves)
Will    .....                   (no boots)
Stlth   ++........              (no amulet)
HPRegen 0.06/turn               (no ring)
MPRegen 0.10/turn               (no ring)

@: no status effects
A: high MP 1, forlorn, divine attributes
a: no special abilities


You were on level 1 of the Dungeon.
You visited 1 branch of the dungeon, and saw 1 of its levels.

You collected 18 gold pieces.

Inventory:

Hand Weapons
 e - a +0 club (weapon)
Armour
 a - a +0 robe (worn)
Scrolls
 f - a scroll of identify {unknown}
Potions
 b - a potion of magic
 c - 2 potions of curing {unknown}
 d - a potion of heal wounds {unknown}


   Skills:
 - Level 1.7 Dodging
 - Level 1.7 Stealth
 - Level 1.7 Spellcasting
 - Level 0.8 Transmutations
 + Level 3.7 Poison Magic


You had 3 spell levels left.
You knew the following spells:

 Your Spells              Type           Power      Damage    Failure   Level
a - Sting                 Tmut/Pois      36%        1d4       8%          1

Your spell library contained the following spells:

 Spells                   Type           Power      Damage    Failure   Level
 Poisonous Vapours        Pois/Air       14%        N/A       14%         2
 Apportation              Tloc           2%         N/A       21%         1
 Mephitic Cloud           Conj/Pois/Air  5%         N/A       34%         3
 Olgreb's Toxic Radiance  Pois           14%        N/A       41%         4
 Alistair's Intoxication  Tmut/Pois      6%         N/A       91%         5


Dungeon Overview and Level Annotations

Branches:
Dungeon (1/15) Zot: 5723


Innate Abilities, Weirdness & Mutations

You have an increased reservoir of magic. (+10% MP)
You shall have no god before yourself.
Your divine heritage dramatically boosts your attributes as you level up.


Message History

The ball python constricts you.
Casting: Sting (safe; 8% risk of failure)
Confirm with . or Enter, or press ? or * to list all spells.
Aiming: Sting (safe; 8% risk of failure)
Press: ? - help, Shift-Dir - straight line, f - ball python
Aim: a ball python (constricting you, 64% to hit)
The sting hits the ball python.
The ball python is poisoned.
The ball python is severely wounded.
You kill the ball python!
Casting: Sting (safe; 8% risk of failure)
Confirm with . or Enter, or press ? or * to list all spells.
Aiming: Sting (safe; 8% risk of failure)
Press: ? - help, Shift-Dir - straight line, f - ball python
Aim: a ball python (64% to hit)
The sting hits the ball python.
The ball python is poisoned.
The ball python is severely wounded.
The ball python bites you.
* * * LOW HITPOINT WARNING * * *
The ball python grabs you. The ball python constricts you.
You hit the ball python but do no damage.
The ball python is severely wounded.
You kill the ball python! a ball python corpse; a ball python corpse A quokka comes into view.
An endoplasm comes into view. a ball python corpse; a ball python corpse
Casting: Sting (safe; 8% risk of failure)
Confirm with . or Enter, or press ? or * to list all spells.
Aiming: Sting (safe; 8% risk of failure)
Press: ? - help, Shift-Dir - straight line, f - quokka
Aim: a quokka (56% to hit)
The sting misses the quokka.
The quokka bites you.
* * * LOW HITPOINT WARNING * * *
Casting: Sting (safe; 8% risk of failure)
Confirm with . or Enter, or press ? or * to list all spells.
Aiming: Sting (safe; 8% risk of failure)
Press: ? - help, Shift-Dir - straight line, f/p - quokka
Aim: a quokka (56% to hit)
The quokka is poisoned.
The quokka bites you.
You die...

# >##.##
.($...#
.......###
.........#
....#..#.# #
#..#r# #..#@#
#.#.J#.#
##.#..#.# #
..#..#.# #.
.....#.# .
#.# #.# #
#.#.. #.#
#.##.#.####.#
#...........#


You could see a quokka (poisoned).

Vanquished Creatures
  A dart slug (D:1)
  4 ball pythons (D:1)
  3 bats (D:1)
  2 goblins (D:1)
  A hobgoblin (D:1)
  4 jackals (D:1)
  3 rats (D:1)
18 creatures vanquished.

Notes
Turn   | Place    | Note
-------+----------+-------------------------------------------
     0 | D:1      | iguanaiguana the Demigod Venom Mage began the quest for the
                  | Orb.
     0 | D:1      | Reached XP level 1. HP: 14/14 MP: 5/5
    55 | D:1      | Reached skill level 3 in Poison Magic
   150 | D:1      | Reached XP level 2. HP: 20/20 MP: 1/7
   268 | D:1      | HP: 1/20 [quokka (4)]
   269 | D:1      | Slain by a quokka

Illustrated notes

Levels and vault maps discovered:
D:1:      lightli_arrival_windingriver, layout_loops_ring,
          hellmonk_ecumenical_altar_lost_god

Skill      XL: |  1 |
---------------+----+-----
Poison Magic   | 3 |  3.7
Dodging        | |  1.7
Stealth        | |  1.7
Spellcasting   | |  1.7
Transmutations | |  0.8

Action                   || total
-------------------------++-------
Melee: Unarmed           ||     4
       Club              ||    23
 Cast: Sting             ||    25
Armor: Robe              ||    11
Dodge: Dodged            ||    39
